Map: Eflorescencia EE

Players

TATORREA - Winner!

  • Race: Protoss Protoss
  • League: Silver
  • Spawn Location: 6:00

MrFercho - Winner!

  • Race: Zerg Zerg
  • League: Silver
  • Spawn Location: 9:00

americo

  • Race: Terran Terran
  • League: Bronze
  • Spawn Location: 12:00

Wolfx

  • Race: Terran Terran
  • Spawn Location: 3:00

VOD

Have the link to the VOD?

Description

Time

  • Played on: May 14, 2020, 8:14 p.m.
  • Length: 16:48
Show
View Real Time Build Order
Export as new Build Order

TATORREA Protoss - Winner!

Build Orders:  

Get SALT Encoding   

  12  0:01  Probe  
  13  0:21  Pylon  
  13  0:24  Pylon  
  13  0:28  Probe  
  14  0:45  Probe  
  14  0:48  Gateway  
  15  1:07  Gateway  
  15  1:08  Probe  
  16  1:12  Assimilator  
  16  1:20  Probe  
  17  1:35  Probe  
  18  1:48  Cybernetics Core  
  18  1:53  Probe  
  19  1:54  Forge  
  19  1:56  Zealot  
  21  2:04  Assimilator  
  21  2:07  Probe  
  22  2:20  Warp Gate, Probe  
  23  2:25  Stalker  
  25  2:32  Stalker  
  25  2:36  Probe  
  28  2:50  Probe  
  29  2:53  Protoss Ground Weapons Level 1 (Chrono Boost)  
  29  3:18  Probe  
  30  3:25  Pylon  
  30  3:28  Nexus  
  24  4:35  Stalker x2  
  28  4:42  Stargate  
  28  4:44  Twilight Council  
  28  4:49  Robotics Facility  
  28  4:55  Pylon  
  28  5:02  Pylon  
  28  5:06  Pylon  
  28  5:07  Probe x2  
  30  5:19  Probe x2  
  32  5:22  Protoss Ground Weapons Level 2  
  32  5:25  Stalker  
  32  5:26  Stalker  
  36  5:31  Oracle, Probe x2  
  41  5:43  Probe x2  
  43  5:55  Probe x2  
  45  5:58  Stalker  
  45  5:59  Stalker  
  49  6:11  Assimilator  
  49  6:12  Probe x2  
  49  6:15  Assimilator  
  51  6:24  Probe x2  
  53  6:36  Probe x2  
  55  6:48  Probe x2  
  57  7:05  Probe x2  
  59  7:10  Stalker x2  
  59  7:12  Immortal  
  64  7:40  Void Ray  
  68  7:49  Protoss Ground Weapons Level 3  
  68  7:53  Probe x2  
  70  8:02  Nexus  
  70  8:04  Stalker x2  
  70  8:05  Protoss Air Weapons Level 1, Probe x2  
  76  8:17  Probe  
  76  8:18  Probe  
  76  8:19  Fleet Beacon  
  78  8:21  Robotics Bay  
  78  8:27  Pylon  
  78  8:31  Pylon  
  78  8:34  Pylon  
  78  8:37  Pylon  
  78  8:45  Void Ray, Probe x2  
  78  8:47  Pylon  
  84  8:51  Pylon  
  84  8:55  Pylon  
  84  8:57  Probe x2  
  84  8:59  Pylon  
  86  9:05  Assimilator  
  86  9:07  Extended Thermal Lance (Chrono Boost), Assimilator  
  86  9:08  Colossus  
  86  9:09  Probe x2  
  94  9:13  Unknown  
  94  9:28  Void Ray  
  94  9:29  Stalker x2  
  102  9:35  Probe x2  
  104  9:47  Probe x2  
  106  9:54  Stalker  
  106  9:55  Stalker  
  110  10:18  Protoss Air Weapons Level 2 (Chrono Boost)  
  110  10:34  Stalker  
  110  10:35  Stalker  
  114  10:39  Carrier  
  114  10:40  Protoss Ground Armor Level 1  
  114  10:41  Blink (Chrono Boost)  
  120  10:47  Colossus  
  126  11:20  Zealot x2  
  126  11:24  Nexus  
  130  11:33  Gateway  
  130  11:35  Gateway  
  130  11:37  Gateway  
  130  11:39  Gateway  
  130  11:42  Gateway  
  130  11:43  Carrier  
  136  11:47  Gateway  
  136  11:59  Pylon  
  136  12:05  Pylon  
  136  12:08  Pylon  
  136  12:12  Pylon  
  136  12:17  Zealot x2  
  136  12:19  Pylon  
  140  12:29  Pylon  
  140  12:33  Pylon  
  140  12:35  Charge (Chrono Boost)  
  140  12:37  Pylon  
  140  12:40  Pylon  
  140  12:42  Pylon  
  140  12:44  Zealot x2  
  140  12:45  Protoss Air Weapons Level 3 (Chrono Boost), Zealot x2  
  140  12:46  Protoss Shields Level 1, Zealot x2  
  140  12:47  Tempest, Zealot  
  140  12:50  Colossus  
  165  13:30  Tempest  
  170  13:44  Observer  
  170  13:47  Zealot x3  
  170  13:48  Zealot x4  
  185  14:04  Colossus  
  187  14:13  Tempest  
  114  14:55  Tempest  
  82  15:38  Tempest  
  87  15:46  Assimilator  
  87  15:47  Colossus  
  93  15:50  Assimilator  
  93  15:55  Stalker  
  93  15:56  Stalker x3  
  93  15:57  Stalker x3  
Show
View Real Time Build Order
Export as new Build Order

MrFercho Zerg - Winner!

Build Orders: Pool First 

Get SALT Encoding   

  12  0:01  Drone  
  13  0:13  Overlord  
  13  0:23  Drone  
  13  0:26  Extractor  
  13  0:27  Drone  
  14  0:31  Drone  
  14  0:32  Extractor  
  14  0:41  Drone  
  15  0:50  Drone  
  16  1:10  Drone x2  
  18  1:18  Drone  
  19  1:25  Spawning Pool  
  18  1:31  Drone  
  19  1:40  Drone  
  20  1:58  Pneumatized Carapace  
  20  2:08  Drone x2  
  22  2:14  Metabolic Boost  
  22  2:18  Hatchery  
  21  2:24  Drone  
  22  2:40  Overlord  
  22  2:43  Hatchery  
  21  2:49  Zergling x2  
  22  3:13  Zergling x6  
  22  3:16  Queen  
  27  3:30  Drone  
  28  3:51  Zergling x2  
  28  3:52  Zergling x4  
  31  3:58  Roach Warren  
  31  4:01  Baneling Nest  
  29  4:07  Drone  
  30  4:10  Drone x3  
  29  4:44  Lair  
  29  4:51  Drone x3  
  29  4:52  Queen  
  34  5:00  Extractor  
  34  5:03  Extractor  
  32  5:07  Roach  
  32  5:08  Roach x4  
  32  5:10  Overlord  
  42  5:32  Hatchery  
  42  5:34  Hatchery  
  40  5:35  Hatchery  
  39  5:46  Zergling x12  
  45  6:14  Overseer, Drone x3  
  48  6:54  Baneling x7  
  48  6:55  Baneling x11  
  42  7:29  Ravager  
  42  7:30  Ravager x2  
  31  8:22  Zergling x8  
  31  8:23  Zergling x22  
  46  8:53  Spire  
  43  9:38  Drone x5  
  48  9:56  Baneling x4  
  48  9:57  Baneling x23  
  48  9:58  Baneling  
  48  10:14  Mutalisk  
  50  10:35  Zerg Flyer Armor Level 1  
  50  10:45  Centrifical Hooks  
  50  11:07  Roach x9  
  68  11:14  Overlord x2  
  68  11:33  Drone x4  
  68  11:34  Drone x2  
  74  12:03  Hatchery  
  73  12:09  Mutalisk  
  73  12:10  Mutalisk x4  
  73  12:15  Overlord x2  
  83  12:16  Overlord  
  83  12:29  Zerg Flyer Weapons Level 1  
  83  12:38  Extractor  
  83  12:40  Extractor  
  81  13:23  Mutalisk x4  
  81  13:24  Mutalisk x6  
  69  14:49  Corruptor  
  69  14:50  Corruptor x10  
  70  15:43  Zergling x28  
  70  15:44  Zergling x8  
Show
View Real Time Build Order
Export as new Build Order

americo Terran 

Build Orders:  

Get SALT Encoding   

  12  0:15  Supply Depot  
  12  0:25  Supply Depot  
  12  0:28  SCV  
  13  0:40  SCV  
  14  0:44  Supply Depot  
  14  0:59  Barracks  
  14  1:04  SCV  
  15  1:22  Refinery  
  15  1:26  SCV  
  16  1:38  SCV  
  17  1:52  Marine  
  18  2:04  Refinery  
  18  2:10  Marine  
  19  2:23  Engineering Bay  
  19  2:28  Marine  
  20  2:34  SCV  
  21  2:58  Missile Turret  
  21  3:05  Marine  
  22  3:19  SCV  
  23  3:21  Missile Turret  
  23  3:23  Marine  
  24  3:44  Missile Turret  
  24  3:48  SCV  
  25  3:51  Barracks Reactor  
  25  3:56  Terran Infantry Weapons Level 1  
  25  4:00  SCV  
  26  4:10  Factory  
  26  4:29  Marine x2  
  28  4:42  Missile Turret  
  28  4:55  Factory Tech Lab  
  28  5:13  Missile Turret  
  28  5:27  Siege Tank  
  31  5:39  Missile Turret  
  31  5:50  Hi-Sec Auto Tracking  
  31  5:54  Starport  
  31  5:59  Siege Tank  
  34  6:31  Siege Tank  
  37  6:34  Starport Tech Lab  
  37  6:49  Missile Turret  
  37  7:19  Missile Turret  
  37  7:25  Siege Tank  
  35  7:48  Missile Turret  
  35  8:17  Missile Turret  
  35  8:20  SCV  
  36  8:32  SCV  
  36  8:33  Neosteel Armor  
  37  8:52  Supply Depot  
  37  9:10  Armory  
  37  9:14  Supply Depot  
  37  9:22  Fusion Core  
  37  10:03  Terran Vehicle Weapons Level 1  
  37  10:15  Armory  
  37  10:17  Advanced Ballistics  
  37  10:27  Starport  
  37  11:07  Sensor Tower  
  37  11:27  Missile Turret  
  37  11:48  Starport Tech Lab  
  37  11:54  Terran Vehicle And Ship Armor Level 1  
  37  12:02  Terran Ship Weapons Level 1  
  37  12:24  Command Center  
  37  12:28  Siege Tank  
  40  13:05  Missile Turret  
  40  13:19  Battlecruiser x2  
  52  13:25  Missile Turret  
  52  13:58  Missile Turret  
  42  14:23  Battlecruiser x2  
Show
View Real Time Build Order
Export as new Build Order

Wolfx Terran 

Build Orders:  

Get SALT Encoding   

  12  0:05  SCV  
  13  0:16  Supply Depot  
  13  0:25  Supply Depot  
  13  0:29  SCV  
  14  0:41  SCV  
  15  0:48  Supply Depot  
  15  0:56  Barracks  
  15  1:01  SCV  
  16  1:13  SCV  
  17  1:22  Barracks  
  18  1:25  SCV  
  18  1:27  Refinery  
  18  1:45  Engineering Bay  
  18  1:46  SCV  
  19  1:57  Marine  
  19  1:58  SCV  
  21  2:11  Marine  
  21  2:15  Marine  
  22  2:21  Refinery  
  23  2:29  Marine  
  24  2:30  SCV  
  25  2:47  Marine  
  25  2:50  Marine  
  27  2:56  Factory  
  27  3:04  Marine, SCV  
  29  3:07  Marine  
  30  3:16  SCV  
  31  3:22  Terran Infantry Weapons Level 1  
  31  3:28  SCV  
  32  3:45  Factory Tech Lab  
  32  3:47  Sensor Tower  
  32  3:51  Barracks Tech Lab  
  32  3:52  Marine  
  33  3:59  Supply Depot  
  33  4:03  Supply Depot  
  33  4:10  Marine  
  33  4:24  Missile Turret  
  32  4:35  Siege Tank  
  35  4:47  Marauder  
  35  4:48  Marine  
  38  5:06  Marine  
  39  5:08  Marauder, Siege Tank  
  44  5:17  Command Center  
  44  5:24  Marine  
  45  5:49  Widow Mine  
  47  6:02  Refinery  
  47  6:07  Starport  
  47  6:11  Widow Mine  
  49  6:28  Terran Infantry Armor Level 1  
  49  6:32  Widow Mine  
  50  6:45  Missile Turret  
  50  7:13  SCV  
  51  7:16  Orbital Command  
  51  7:19  Starport Tech Lab  
  51  7:23  Missile Turret  
  51  7:25  SCV  
  52  7:32  Marauder  
  52  7:33  Marine  
  56  7:37  SCV  
  56  7:41  Siege Tank  
  59  7:46  Missile Turret  
  59  7:49  SCV  
  59  7:50  Starport  
  60  7:51  Cloaking Field, Marine  
  60  7:54  Marauder  
  63  8:01  SCV  
  64  8:07  Missile Turret  
  64  8:09  Marine  
  64  8:11  Medivac  
  67  8:13  Siege Tank  
  70  8:22  Neosteel Armor  
  70  8:26  Supply Depot  
  70  8:30  Supply Depot  
  70  8:38  Starport Tech Lab  
  70  8:48  Marine, SCV  
  72  8:53  Missile Turret  
  72  8:54  Missile Turret  
  72  9:00  SCV  
  73  9:05  Marine  
  74  9:12  SCV  
  75  9:24  SCV  
  75  9:28  Viking x2  
  80  9:36  SCV  
  81  9:45  Refinery  
  81  9:58  Viking x2  
  85  10:35  Fusion Core  
  85  10:41  Supply Depot  
  85  10:45  Supply Depot  
  85  10:54  Hi-Sec Auto Tracking  
  85  10:59  Armory  
  85  11:01  Marine  
  85  11:02  Viking x2  
  85  11:03  Supply Depot  
  90  11:05  Marine  
  90  11:08  Supply Depot  
  91  11:19  Marine  
  91  11:22  Marine  
  93  11:27  Supply Depot  
  93  11:32  Supply Depot  
  95  11:37  Marine  
  96  11:45  Banshee x2  
  100  11:52  SCV  
  101  11:55  Marine  
  102  12:04  SCV  
  102  12:05  Terran Ship Weapons Level 1  
  103  12:12  Marine  
  104  12:28  Battlecruiser x2  
  110  13:32  Battlecruiser x2, Missile Turret  
  122  13:47  Barracks Reactor  
  122  13:53  Missile Turret  
  122  13:59  Terran Vehicle And Ship Armor Level 1  
  81  14:35  Marine x3  
  77  14:42  Weapon Refit  
  75  14:53  Marine x3  
  78  15:10  Marine  
  78  15:11  Marine x2  
  81  15:21  Battlecruiser x2  
  93  15:28  Marine x3  
  96  15:46  Marine x3  
  93  16:04  Marine x3  
Tags
 
Add a new tag
Caveats
  • Supply blocks, unpowered buildings, or Contaminate may cause inaccurate times.
  • Supply counts are checked every 10 seconds.